 Dungeon Crawl Stone Soup version 0.28-a0-653-g7e9dba17c3 (webtiles) character file.

Game seed: 12120668255149664204

1082 blank1 the Ruffian (level 8, 0/80 HPs)
             Began as a Troll Monk on Oct 11, 2021.
             Was an Initiate of Ru.
             Slain by a gnoll sergeant (2 damage)
             ... on level 5 of the Dungeon.
             The game lasted 00:11:25 (3966 turns).

blank1 the Ruffian (Troll Monk)                     Turns: 3966, Time: 00:11:26

Health: 0/80       AC:  8    Str: 22    XL:     8   Next: 8%
Magic:  8/8        EV: 11    Int: 12    God:    Ru [......]
Gold:   191        SH:  0    Dex: 12    Spells: 7/7 levels left

rFire   . . .      SeeInvis .     - Unarmed
rCold   + . .      Faith    .   (no shield)
rNeg    . . .      Spirit   .   h - +0 robe {Will+}
rPois   .          Reflect  .   e - +2 hat
rElec   .          Harm     .   n - +1 cloak
rCorr   .          Rampage  .   (gloves unavailable)
Will    +....                   (boots unavailable)
Stlth   ++........              (no amulet)
HPRegen 1.23/turn               m - +6 ring of intelligence
MPRegen 0.11/turn               o - ring of protection from cold

@: lethally poisoned (0 -> -3), about to teleport
A: large, unfitting armour, claws 3, regeneration 1, shaggy fur 1, tough skin 1,
disrupted magic 1
a: Renounce Religion


You were on level 5 of the Dungeon.
You worshipped Ru.
Ru was noncommittal.
You visited 2 branches of the dungeon, and saw 6 of its levels.

You collected 191 gold pieces.

Inventory:

Hand Weapons
 d - a +5 vorpal flail
Missiles
 l - 2 javelins (quivered)
Armour
 e - a +2 hat (worn)
 h - a +0 robe of willpower (worn)
 n - a +1 cloak (worn)
Jewellery
 m - a +6 ring of intelligence (left claw)
 o - a ring of protection from cold (right claw)
Scrolls
 a - 2 scrolls of identify
 b - a scroll of blinking
 i - a scroll of acquirement {unknown}
Potions
 c - 3 potions of mutation
 f - a potion of flight
 g - a potion of heal wounds
 j - a potion of curing
 p - a potion of lignification {unknown}


   Skills:
 - Level 5.0 Fighting
 - Level 1.0 Armour
 + Level 4.9 Dodging
 - Level 1.0 Stealth
 - Level 6.0 Unarmed Combat
 - Level 2.0 Invocations


You had 7 spell levels left.
You didn't know any spells.
Your spell library contained the following spells:

 Spells                   Type           Power      Damage    Failure   Level
 Call Canine Familiar     Summ           0%         N/A       77%         3
 Portal Projectile        Hex/Tloc       0%         N/A       77%         3
 Leda's Liquefaction      Hex/Erth       0%         N/A       98%         4
 Summon Forest            Summ/Tloc      0%         N/A       100%        5
 Eringya's Noxious Bog    Tmut/Pois      0%         N/A       100%        6
 Summon Hydra             Summ           0%         N/A       100%        7


Dungeon Overview and Level Annotations

Branches:
Dungeon (5/15)             Temple (1/1) D:5

Altars:
Ashenzari
Cheibriados
Dithmenos
Elyvilon
Hepliaklqana
Kikubaaqudgha
Qazlal
Ru
Sif Muna
Trog
Uskayaw
Vehumet
Wu Jian
Xom
Zin

Annotations:
D:5 1 transporter, FilthyApe's ghost, novice MiFi


Innate Abilities, Weirdness & Mutations

You are too large for most types of armour.
You have claws for hands.
Your natural rate of healing is unusually fast.
You are covered in fur. (AC +1)
You have tough skin. (AC +1)
Your casting is slightly disrupted.


Message History

The gnoll shaman calls upon its god to heal the gnoll.
The gnoll is healed somewhat.
There is an open translucent door here.
The gnoll hits you from afar with a +0 spear of pain!
FilthyApe's ghost shrieks, "You must not fail where I succeeded!"
The gnoll shaman calls upon its god to heal something.
The gnoll shaman calls upon its god to speed up something.
FilthyApe's ghost hits you.
You are poisoned.
You feel better.
FilthyApe's ghost shouts, "I was like you once."
FilthyApe's ghost hits you!
You are poisoned.
Unknown command.
You scratch FilthyApe's ghost.
FilthyApe's ghost is lightly damaged.
You feel very sick. FilthyApe's ghost barely misses you.
The gnoll sergeant hits you from afar with a +2 trident of pain.
You scratch the gnoll shaman.
The gnoll shaman is lightly wounded.
You feel very sick. The gnoll misses you.
The gnoll shaman hits you but does no damage.
The gnoll barely misses you. FilthyApe's ghost closely misses you.
The gnoll barely misses you.
The gnoll sergeant hits you from afar with a +2 trident of pain.
* * * LOW HITPOINT WARNING * * *
As you read the scroll of teleportation, it crumbles to dust.
You feel strangely unstable.
You feel very sick.
The gnoll shaman hits you with a +0 club!
* * * LOW HITPOINT WARNING * * *
The gnoll hits you with a +0 club.
* * * LOW HITPOINT WARNING * * *
FilthyApe's ghost closely misses you.
The gnoll sergeant hits you from afar with a +2 trident of pain!
* * * LOW HITPOINT WARNING * * *
You writhe in agony.
You die...

#...........≈≈..#.#. #.#..≈≈..#
.....###..#.≈≈.##.# #.##.≈≈..#
.....##...#.≈≈.#..# #..#.≈≈..#
####.##.....≈≈.##.#####.##.≈≈..#
# #.##...#.....#.#8⌠8#.#..≈≈..#
# #.##.#.#....©#.g.g.'.#©.≈≈..#
# #......#.....#g#.g.#.#..≈≈..#
# ##.......≈≈.##g##.##.##.≈≈..#
# #.......≈≈.#@g#...#.©#.≈≈..#
#.......≈≈.##W#⌠.⌠#.##.≈≈..#
#.......≈≈..#g#g..#.#..≈≈.##
###########.≈≈###g##'##.###≈≈.#
.##.......#.≈≈#...g.......#≈≈.#
.##†#####.#.≈≈#..###.###..#≈≈.#
.##.#####.#.≈≈#..#8###8#..#≈≈.#
.......##.#.≈≈####.....####≈≈.#
.##.#..)#.#.≈≈≈≈≈≈≈≈≈≈≈≈≈≈≈≈≈.#


You could see 2 gnoll sergeants, a gnoll shaman, FilthyApe's ghost and 5 gnolls.

Vanquished Creatures
  Edmund (D:4)
  A sky beast (D:5)
  The ghost of lawman0 the Covert, an amateur GnDe (D:4)
  An ogre (D:5)
  A kobold brigand (D:3)
  A scorpion (D:5)
  A water moccasin zombie (D:5)
  A wyvern skeleton (D:5)
  2 hounds
  An orc priest (D:5)
  A centaur zombie (D:5)
  Natasha (thrice) (D:4)
  An orc wizard (D:5)
  A hound skeleton (D:4)
  A howler monkey zombie (D:5)
  Robin (D:4)
  5 adders
  3 gnolls (D:5)
  2 adder skeletons (D:4)
  A worm (D:2)
  5 dart slugs
  8 orcs
  9 bats
  10 endoplasms
  5 giant cockroaches
  11 goblins
  9 hobgoblins
  11 jackals
  18 kobolds
  2 quokkas
  10 ball pythons
  3 frilled lizards (D:1)
  4 rats
  A bush (D:4)
136 creatures vanquished.

Vanquished Creatures (others)
  14 plants
14 creatures vanquished.

Grand Total: 150 creatures vanquished

Notes
Turn   | Place    | Note
-------+----------+-------------------------------------------
     0 | D:1      | blank1 the Troll Monk began the quest for the Orb.
     0 | D:1      | Reached XP level 1. HP: 22/22 MP: 0/0
    83 | D:1      | Reached XP level 2. HP: 24/29 MP: 1/1
   252 | D:1      | Reached XP level 3. HP: 36/36 MP: 2/2
   930 | D:2      | Reached skill level 4 in Unarmed Combat
   930 | D:2      | Reached XP level 4. HP: 31/45 MP: 3/3
  1722 | D:3      | Noticed a kobold brigand
  1734 | D:3      | Killed a kobold brigand
  1735 | D:3      | Reached XP level 5. HP: 35/53 MP: 4/4
  2239 | D:4      | Noticed Natasha
  2245 | D:4      | Killed Natasha
  2252 | D:4      | Noticed Edmund
  2261 | D:4      | Killed Edmund
  2262 | D:4      | Reached skill level 5 in Unarmed Combat
  2262 | D:4      | Reached skill level 1 in Armour
  2262 | D:4      | Reached XP level 6. HP: 44/62 MP: 5/5
  2405 | D:4      | Noticed Robin
  2416 | D:4      | Killed Robin
  2645 | D:4      | Noticed Natasha
  2650 | D:4      | Killed Natasha
  2720 | D:4      | Found a runed translucent gate.
  2721 | D:4      | Found a runed translucent gate.
  2721 | D:4      | Found a runed translucent gate.
  2722 | D:4      | Noticed lawman0's ghost (amateur GnDe)
  2735 | D:4      | Killed lawman0's ghost
  2736 | D:4      | Reached XP level 7. HP: 68/71 MP: 6/6
  3073 | D:4      | Noticed Natasha
  3076 | D:4      | Killed Natasha
  3087 | D:5      | Entered Level 5 of the Dungeon
  3134 | D:5      | Found a staircase to the Ecumenical Temple.
  3160 | Temple   | Entered the Ecumenical Temple
  3187 | Temple   | Became a worshipper of Ru the Awakened
  3206 | Temple   | Gained mutation: Your casting is slightly disrupted. [Ru
                  | sacrifice]
  3254 | D:5      | Reached skill level 6 in Unarmed Combat
  3312 | D:5      | Reached skill level 5 in Fighting
  3391 | D:5      | Reached skill level 1 in Invocations
  3402 | D:5      | Found a transporter.
  3574 | D:5      | Found a transporter.
  3769 | D:5      | Reached XP level 8. HP: 79/80 MP: 8/8
  3948 | D:5      | Noticed FilthyApe's ghost (novice MiFi)
  3966 | D:5      | HP: 2/80 [gnoll sergeant (7)]
  3966 | D:5      | Slain by a gnoll sergeant

Illustrated notes

Levels and vault maps discovered:
D:1:      tarquinn_simple_flora_water_c, layout_rooms, minmay_misc_feat_cross
D:2:      layout_basic
D:3:      cheibrodos_thug_alley, layout_basic
D:4:      layout_cave_pools, ebering_ghost_rock_garden, serial_forest,
          infiniplex_forest_side_room, infiniplex_forest_clump_tiny,
          infiniplex_forest_diagonal, infiniplex_forest_end_3,
          infiniplex_forest_clump_diagonal, infiniplex_forest_straight_2,
          infiniplex_forest_clump_long, infiniplex_forest_corner_1, uniq_robin,
          uniq_edmund, uniq_natasha
D:5:      layout_loops_cross, minmay_temple_entry_junction,
          gammafunk_ghost_gnarly_gnolls, grunt_ministairs_3
Temple:   nicolae_temple_the_god_donut

Skill      XL: |  1  2  3  4  5  6  7 |
---------------+----------------------+-----
Dodging        | 3 4 |  4.9
Fighting       | 3 4 5 |  5.0
Unarmed Combat | 4 5 6 |  6.0
Armour         | 1 |  1.0
Invocations    | 2 |  2.0
Stealth        | |  1.0

Action                   |  1- 3 |  4- 6 |  7- 9 || total
-------------------------+-------+-------+-------++-------
Melee: Unarmed           |   132 |   144 |    95 ||   371
       Punch             |     3 |     4 |     2 ||     9
Invok: Sacrifice Essence |       |       |     1 ||     1
  Use: Scroll            |     1 |     7 |     4 ||    12
       Potion            |       |       |     1 ||     1
 Stab: Sleeping          |     1 |     2 |     1 ||     4
       Distracted        |       |     1 |       ||     1
Armor: Robe              |    69 |    69 |    19 ||   157
Dodge: Dodged            |    75 |    83 |    44 ||   202

Table legend: (Time is in decaauts)
 A = Elapsed time spent in this place.
 B = Non-inter-level travel time spent in this place.
 C = Inter-level travel time spent in this place.
 D = Time resting spent in this place.
 E = Time spent auto-exploring this place.
 F = Levels seen in this place.
 G = Mean time per level.
                   A        B        C        D        E       F      G
               +--------+--------+--------+--------+--------+-----+--------+
         Total |   3936 |   3680 |    256 |     10 |   2728 |   6 |  656.0 |
       Dungeon |   3882 |   3649 |    233 |     10 |   2728 |   5 |  776.4 |
        Temple |     53 |     30 |     23 |      0 |      0 |   1 |   53.0 |
               +--------+--------+--------+--------+--------+-----+--------+

Top non-repeatable levels by time:
     D:4: 845 daAuts
     D:5: 816 daAuts
     D:2: 811 daAuts
     D:3: 800 daAuts
     D:1: 609 daAuts
  Temple: 53 daAuts
